 Dungeon Crawl Stone Soup version 0.21.1-1-g345015fe64 (webtiles) character file.

17017 OlSheep the Zephyrmancer (level 12, -15/88 HPs)
             Began as a White Draconian Air Elementalist on July 9, 2018.
             Was a High Priest of Sif Muna.
             Demolished by a spiny frog (23 damage)
             ... on level 4 of the Lair of Beasts on July 10, 2018.
             The game lasted 02:47:47 (18862 turns).

OlSheep the Zephyrmancer (DrAE)                    Turns: 18862, Time: 02:47:47

Health: -15/88     AC:  9    Str: 11    XL:     12   Next: 15%
Magic:  18/27      EV:  7    Int: 23    God:    Sif Muna [*****.]
Gold:   692        SH:  0    Dex: 17    Spells: 11/34 levels left

rFire    . . .     SeeInvis .   R - +3 eveningstar (flame)
rCold    + . .     Gourm    .   (no shield)
rNeg     . . .     Faith    .   (armour unavailable)
rPois    .         Spirit   .   (helmet restricted)
rElec    .         Reflect  +   Y - +0 cloak
rCorr    .         Harm     .   (no gloves)
MR       .....                  (no boots)
Stlth    ++........             N - +4 amulet of reflection
HPRegen  0.24/turn              k - +4 ring of intelligence
MPRegen  0.20/turn              n - +4 ring of dexterity

@: lethally poisoned (-15 -> -37), about to teleport, held, divine energy
A: breathe frost, unfitting armour, cold resistance 1, cold-blooded, AC +8
a: Breathe Frost, Stop Divine Energy, Channel Magic, Forget Spell, Renounce
Religion


You were on level 4 of the Lair of Beasts.
You worshipped Sif Muna.
Sif Muna was extremely pleased with you.
You were not hungry.

You visited 3 branches of the dungeon, and saw 16 of its levels.
You also visited: Ossuary.

You collected 758 gold pieces.
You spent 66 gold pieces at shops.

Inventory:

Hand Weapons
 e - a +1 dagger of electrocution
 p - a +0 dagger of chaos
 s - a +1 hand axe of electrocution
 R - a +3 eveningstar of flaming (weapon)
 U - the +4 flail of the Endless Expanse {crush, rN+, unknown}
   (You found it on level 1 of the Lair of Beasts)

   It inflicts extra damage upon your enemies.
   It protects you from negative energy.
 W - a +2 great sword of holy wrath
Armour
 t - a +1 large shield
 Y - a +0 cloak (worn)
Magical Staves
 m - an uncursed staff of cold
 P - an uncursed staff of energy {unknown}
Jewellery
 k - a +4 ring of intelligence (left hand)
 n - a +4 ring of dexterity (right hand)
 D - an uncursed amulet of harm
 H - a +2 ring of dexterity
 N - a +4 amulet of reflection (around neck)
 T - an uncursed ring of resist corrosion
 Z - an uncursed ring of flight
Wands
 l - a wand of digging (13)
 J - a wand of flame (59)
 Q - a wand of iceblast (9)
Scrolls
 o - 2 scrolls of teleportation
 u - 3 scrolls of magic mapping
 v - 3 scrolls of remove curse
 x - a scroll of enchant weapon
 y - 2 scrolls of fear
 B - 3 scrolls of enchant armour
 C - a scroll of immolation {unknown}
 O - a scroll of identify
 V - a scroll of holy word
Potions
 c - 11 potions of curing
 d - 2 potions of heal wounds
 f - a potion of resistance
 g - 6 potions of brilliance
 h - 4 potions of haste
 i - 2 potions of flight
 j - 2 potions of mutation
 r - 2 potions of cancellation
 w - 2 potions of invisibility
 z - a potion of ambrosia
 A - 3 potions of agility
 F - a potion of berserk rage
 G - 3 potions of might
 M - a potion of lignification
Books
 a - a book of Air

   Spells                             Type                      Level
   a - Shock                          Conjuration/Air              1
   b - Swiftness                      Charms/Air                   2
   c - Static Discharge               Conjuration/Air              3
   d - Airstrike                      Air                          4
   e - Lightning Bolt                 Conjuration/Air              5
 E - a book of Clouds

   Spells                             Type                      Level
   a - Poisonous Vapours              Poison/Air                   2
   b - Mephitic Cloud                 Conjuration/Poison/Air       3
   c - Conjure Flame                  Conjuration/Fire             3
   d - Freezing Cloud                 Conjuration/Ice/Air          6
   e - Ring of Flames                 Charms/Fire                  7
 I - a book of Cantrips

   Spells                             Type                      Level
   a - Confusing Touch                Hexes                        1
   b - Animate Skeleton               Necromancy                   1
   c - Summon Small Mammal            Summoning                    1
   d - Apportation                    Translocation                1
 K - a book of Beasts

   Spells                             Type                      Level
   a - Summon Butterflies             Summoning                    1
   b - Call Canine Familiar           Summoning                    3
   c - Summon Ice Beast               Ice/Summoning                4
   d - Summon Mana Viper              Hexes/Summoning              5
   e - Summon Hydra                   Summoning                    7
 L - a book of Minor Magic

   Spells                             Type                      Level
   a - Magic Dart                     Conjuration                  1
   b - Blink                          Translocation                2
   c - Call Imp                       Summoning                    2
   d - Slow                           Hexes                        2
   e - Conjure Flame                  Conjuration/Fire             3
   f - Mephitic Cloud                 Conjuration/Poison/Air       3
 S - a book of Conjurations

   Spells                             Type                      Level
   a - Magic Dart                     Conjuration                  1
   b - Searing Ray                    Conjuration                  2
   c - Dazzling Spray                 Conjuration/Hexes            3
   d - Fulminant Prism                Conjuration/Hexes            4
   e - Force Lance                    Conjuration/Translocation    4
   f - Iskenderun's Mystic Blast      Conjuration                  4
 X - a book of Dreams

   Spells                             Type                      Level
   a - Ensorcelled Hibernation        Hexes/Ice                    2
   b - Borgnjor's Vile Clutch         Necromancy/Earth             5
   c - Silence                        Hexes/Air                    5
   d - Darkness                       Hexes                        6
   e - Shadow Creatures               Summoning                    6
Comestibles
 b - 22 rations


   Skills:
 + Level 2.5 Fighting
 - Level 2.6(3.2) Axes
 + Level 2.7(3.3) Maces & Flails
 + Level 3.3 Dodging
 - Level 1.7 Stealth
 + Level 11.5 Spellcasting
 - Level 6.0 Conjurations
 * Level 6.2 Ice Magic
 + Level 12.1 Air Magic
 - Level 2.1 Poison Magic


You had 11 spell levels left.
You knew the following spells:

 Your Spells              Type           Power        Failure   Level  Hunger
a - Shock                 Conj/Air       ####         1%          1    None
b - Swiftness             Chrm/Air       #####...     1%          2    None
c - Airstrike             Air            ######....   1%          4    None
d - Lightning Bolt        Conj/Air       ######....   3%          5    ####...
e - Poisonous Vapours     Pois/Air       #####.       1%          2    None
f - Mephitic Cloud        Conj/Pois/Air  #####...     1%          3    None
g - Freezing Cloud        Conj/Ice/Air   ######....   26%         6    #####..


Dungeon Overview and Level Annotations

Branches:
Dungeon (11/15)            Temple (1/1) D:7            Lair (4/6) D:9
 Spider (0/4) Lair:2
  Swamp: Lair:2-4    Shoals: Lair:2-4       Orc: D:9-12

Altars:
Ashenzari
Cheibriados
Dithmenos
Elyvilon
Fedhas
Gozag
Hepliaklqana
Kikubaaqudgha
Makhleb
Nemelex Xobeh
Okawaru
Qazlal
Ru
Sif Muna
Trog
Uskayaw
Vehumet
Wu Jian
Xom
Yredelemnul
Zin
The Shining One

Shops:
D:6 *   D:8 *

Annotations:
Lair:4 Harold


Innate Abilities, Weirdness & Mutations

You can breathe waves of freezing cold.
You can buffet flying creatures when you breathe cold.
Your icy white scales are hard. (AC +8)
You cannot fit into any form of body armour.
Your flesh is cold resistant. (rC+)
You are cold-blooded and may be slowed by cold attacks.


Message History

The ball explodes into a vile cloud!
The stinking cloud engulfs the water moccasin.
The water moccasin appears unharmed.
The stinking cloud engulfs the crocodile.
The stinking cloud engulfs the fungus.
The fungus appears unharmed.
You feel sick.
You hear an angry hiss.
The spiny frog stings you!! The water moccasin bites you.
You are more poisoned.
The water moccasin poisons you! The crocodile bites you.
As you read the scroll of teleportation, it crumbles to dust.
You feel strangely unstable.
You feel sick. The water moccasin bites you.
You are more poisoned.
The water moccasin poisons you! The spiny frog stings you!
* * * LOW HITPOINT WARNING * * *
The water moccasin bites you but does no damage.
The crocodile bites you!
* * * LOW HITPOINT WARNING * * *
The spiny frog stings you!!
You die...

#### ####P#.###
..........
##......... #
..........
.###.#.........
....§§F.t......
....@§§@S......
"...##§.t§.....
. ####P#.P.. ##
#.#


P You could see Harold, a spiny frog, a water moccasin and 2 crocodiles.

Vanquished Creatures
  3 hydras
  A two-headed ogre (D:8)
  Urug (D:10)
  An orb spider (Lair:2)
  A black mamba (Lair:1)
  Psyche (D:8)
  2 spiny frogs
  4 komodo dragons
  2 ice devils (D:11)
  A hornet (D:8)
  A troll (D:8)
  9 blink frogs
  Grinder (D:5)
  3 hippogriffs
  Sigmund (D:5)
  A wyvern (D:9)
  16 yaks
  A basilisk (Lair:3)
  Menkaure (D:5)
  2 porcupines
  4 water moccasins
  A necrophage (D:8)
  3 orc warriors
  2 sky beasts
  A phantom (D:8)
  6 ogres
  A centaur (D:8)
  7 wolves
  4 crocodiles
  8 bullfrogs
  5 scorpions
  2 electric eels (Lair:2)
  3 crimson imps
  3 centaur zombies
  3 bullfrog zombies
  2 bullfrog skeletons
  2 hounds
  4 jellies
  8 orc wizards
  A centaur skeleton (D:7)
  5 orc priests
  A gnoll shaman (D:3)
  12 mummies (Ossuary)
  4 iguanas
  8 hell rats (Lair:1)
  3 worker ants
  2 hound zombies
  A hound skeleton (D:8)
  3 worker ant zombies
  4 gnolls (D:3)
  14 adders
  13 river rats (Lair:1)
  2 shadow imps
  An ooze (D:3)
  8 adder zombies
  A worm (D:6)
  A dart slug (D:2)
  6 leopard geckos
  38 orcs
  5 bats
  5 giant cockroaches
  6 goblins
  4 hobgoblins
  2 jackals (D:2)
  6 kobolds
  10 quokkas
  3 ball pythons
  4 frilled lizards
  A giant cockroach zombie (Ossuary)
  A goblin zombie (D:6)
  2 jackal zombies (Ossuary)
  A quokka skeleton (D:4)
  2 quokka zombies
  20 rats
  5 plants (D:9)
327 creatures vanquished.

Vanquished Creatures (others)
  A wizard (D:7)
  4 plants (Lair:2)
  2 withered plants (Ossuary)
7 creatures vanquished.

Grand Total: 334 creatures vanquished

Notes
Turn   | Place    | Note
-------+----------+-------------------------------------------
     0 | D:1      | OlSheep the Draconian Air Elementalist began the quest for the Orb.
     0 | D:1      | Reached XP level 1. HP: 14/14 MP: 3/3
   286 | D:1      | Reached XP level 2. HP: 20/20 MP: 3/5
   987 | D:2      | Reached skill level 4 in Air Magic
   987 | D:2      | Reached XP level 3. HP: 26/26 MP: 6/6
  1030 | D:2      | Learned a level 2 spell: Swiftness
  1824 | D:3      | Reached XP level 4. HP: 32/33 MP: 4/7
  1838 | D:3      | Learned a level 4 spell: Airstrike
  2254 | D:3      | Reached XP level 5. HP: 35/38 MP: 4/9
  2254 | D:3      | Reached skill level 5 in Air Magic
  2544 | D:3      | Found a bloodstained altar of Trog.
  3222 | D:4      | Found an ancient bone altar of Kikubaaqudgha.
  3280 | D:4      | Noticed an ogre
  3288 | D:5      | Entered Level 5 of the Dungeon
  3288 | D:5      | Noticed a sky beast
  3587 | D:4      | Reached XP level 6. HP: 45/45 MP: 7/10
  4324 | D:4      | Reached skill level 6 in Air Magic
  4515 | D:5      | Killed a sky beast
  4515 | D:5      | Your scales start taking on an icy white colour.
  4515 | D:5      | Reached XP level 7. HP: 50/50 MP: 3/12
  4515 | D:5      | Gained mutation: Your flesh is cold resistant. (rC+) [White Draconian growth]
  4767 | D:5      | Noticed Grinder
  4769 | D:5      | Paralysed by Grinder for 3 turns
  5274 | D:5      | Found a deep blue altar of Sif Muna.
  5279 | D:5      | Became a worshipper of Sif Muna the Loreminder
  5351 | D:5      | Noticed Menkaure
  5444 | D:6      | Found a sand-covered staircase.
  5467 | Ossuary  | Entered an ossuary
  5592 | Ossuary  | Reached skill level 7 in Air Magic
  5720 | Ossuary  | Reached * piety under Sif Muna
  5749 | Ossuary  | Reached XP level 8. HP: 57/57 MP: 8/15
  6175 | Ossuary  | Reached skill level 5 in Spellcasting
  6485 | D:6      | Reached skill level 1 in Axes
  6485 | D:6      | Reached skill level 8 in Air Magic
  6599 | D:6      | Learned a level 5 spell: Lightning Bolt
  6875 | D:6      | Found Joyr Tetz's General Store.
  7278 | D:7      | Reached ** piety under Sif Muna
  7483 | D:7      | Found a bloodstained altar of Trog.
  7484 | D:7      | Noticed a wizard
  7490 | D:7      | Killed a wizard
  8053 | D:7      | Found a staircase to the Ecumenical Temple.
  8060 | Temple   | Entered the Ecumenical Temple
  8421 | D:8      | Found Seammawi's General Store.
  8425 | D:8      | Bought a scroll of identify for 22 gold pieces
  8425 | D:8      | Bought a scroll of identify for 22 gold pieces
  8425 | D:8      | Bought a scroll of identify for 22 gold pieces
  8527 | D:8      | Reached skill level 9 in Air Magic
  8527 | D:8      | Reached XP level 9. HP: 63/63 MP: 4/18
  8533 | D:8      | Noticed a troll
  8642 | D:8      | Noticed Psyche
  8651 | D:8      | Killed Psyche
  8651 | D:8      | Reached skill level 1 in Fighting
  8744 | D:8      | Found a blossoming altar of Fedhas.
  9056 | D:8      | Learned a level 3 spell: Mephitic Cloud
  9125 | D:8      | Learned a level 2 spell: Poisonous Vapours
  9134 | D:8      | Reached *** piety under Sif Muna
  9134 | D:8      | Reached skill level 5 in Conjurations
  9135 | D:8      | Noticed a two-headed ogre
  9144 | D:8      | Killed a two-headed ogre
  9281 | D:8      | Reached skill level 1 in Poison Magic
  9506 | D:8      | Reached XP level 10. HP: 60/70 MP: 13/22
  9564 | D:8      | Reached skill level 10 in Air Magic
  9853 | D:8      | Found a burning altar of Makhleb.
 10232 | D:9      | Reached **** piety under Sif Muna
 10298 | D:9      | Found a hide-covered altar of Uskayaw.
 10960 | D:9      | Found a staircase to the Lair.
 10987 | Lair:1   | Entered Level 1 of the Lair of Beasts
 11168 | D:9      | You fall through a shaft for 2 floors!
 11172 | D:10     | Entered Level 10 of the Dungeon
 11364 | D:10     | Noticed Urug
 11402 | D:10     | Killed Urug
 12075 | D:11     | Reached skill level 1 in Maces & Flails
 12382 | D:11     | Noticed a brown ugly thing
 12565 | Lair:1   | Noticed a black mamba
 12570 | Lair:1   | Killed a black mamba
 12653 | Lair:1   | Noticed a six-headed hydra
 12667 | D:9      | Learned a level 6 spell: Freezing Cloud
 12877 | D:5      | Killed Menkaure
 12877 | D:5      | Reached skill level 1 in Ice Magic
 13002 | D:5      | Killed Grinder
 13214 | D:5      | Reached XP level 11. HP: 60/79 MP: 21/24
 13336 | D:5      | Noticed Sigmund
 13342 | D:5      | Killed Sigmund
 13728 | Lair:1   | Killed a six-headed hydra
 13728 | Lair:1   | Reached skill level 10 in Spellcasting
 13863 | D:9      | Reached skill level 11 in Air Magic
 14134 | Lair:1   | Noticed a six-headed hydra
 14139 | Lair:1   | Killed a six-headed hydra
 14626 | Lair:1   | Reached ***** piety under Sif Muna
 15067 | Lair:1   | Received a gift from Sif Muna
 15727 | Lair:1   | Got a slimy flail
 16254 | Lair:2   | Noticed an eight-headed hydra
 16261 | Lair:2   | Killed an eight-headed hydra
 16417 | Lair:2   | Noticed an orb spider
 16424 | Lair:2   | Killed an orb spider
 16460 | Lair:2   | Found a hole to the Spider Nest.
 16612 | Lair:2   | Reached skill level 5 in Ice Magic
 17810 | Lair:3   | Reached XP level 12. HP: 88/88 MP: 18/27
 18137 | Lair:3   | Reached skill level 12 in Air Magic
 18857 | Lair:4   | Noticed Harold
 18862 | Lair:4   | Demolished by a spiny frog

Skill      XL: |  1  2  3  4  5  6  7  8  9 10 11 12 |
---------------+-------------------------------------+-----
Air Magic      | 4 5 6 7 9 10 11 12 | 12.1
Conjurations   | 2 3 4 5 6 |  6.0
Spellcasting   | 3 4 6 8 9 11 | 11.5
Dodging        | 2 3 |  3.3
Axes           | 1 2 |  2.6
Fighting       | 1 2 |  2.5
Poison Magic   | 1 2 |  2.1
Maces & Flails | 1 2 |  2.7
Ice Magic      | 1 5 6 |  6.2
Stealth        | |  1.7

Action                   |  1- 3 |  4- 6 |  7- 9 | 10-12 || total
-------------------------+-------+-------+-------+-------++-------
Melee: Dagger            |    16 |    11 |       |       ||    27
       Tailslap          |       |     1 |    14 |    14 ||    29
       Hand axe          |       |     3 |    71 |    31 ||   105
       Eveningstar       |       |       |       |    60 ||    60
 Cast: Shock             |    69 |    92 |   243 |   288 ||   692
       Airstrike         |       |     2 |     9 |    44 ||    55
       Swiftness         |       |       |     5 |     2 ||     7
       Poisonous Vapours |       |       |    10 |   124 ||   134
       Mephitic Cloud    |       |       |     5 |    40 ||    45
       Lightning Bolt    |       |       |     4 |    15 ||    19
Invok: Divine Energy     |       |       |     1 |       ||     1
 Abil: Breathe Frost     |       |       |       |     6 ||     6
  Use: Scroll            |     3 |     7 |    12 |    12 ||    34
       Potion            |       |     1 |     1 |     1 ||     3
 Stab: Sleeping          |     1 |     1 |     1 |     1 ||     4
  Eat: Chunk             |     4 |     8 |     9 |    23 ||    44
       Ration            |       |       |     3 |     3 ||     6
Armor: Skin              |     6 |     8 |    25 |    37 ||    76
Dodge: Dodged            |    19 |    17 |    62 |    87 ||   185
Block: Other             |       |       |       |    17 ||    17
